 Dungeon Crawl Stone Soup version 0.30.0-29-ga12c61a403 (webtiles) character file.

Game seed: 3797291999881953495

263 LustLizard the Conjurer (level 6, -1/40 HPs)
             Began as an Octopode Conjurer on June 23, 2023.
             Was a Follower of Wu Jian.
             Asphyxiated
             ... in a sewer.
             The game lasted 00:06:07 (3793 turns).

LustLizard the Conjurer (Octopode Conjurer)         Turns: 3793, Time: 00:06:08

Health: -1/40      AC:  1    Str:  8    XL:     6   Next: 19%
Magic:  1/10       EV: 13    Int: 21    God:    Wu Jian [*.....]
Gold:   256        SH:  0    Dex: 10    Spells: 10/11 levels left

rFire   . . .        (no weapon)
rCold   . . .        (no shield)
rNeg    . . .        (helmet restricted)
rPois   .            (no amulet)
rElec   .            (no ring)
rCorr   .            (no ring)
SInv    .            (no ring)
Will    .....        (no ring)
Stlth   ++++         (no ring)
HPRegen 0.26/turn    (no ring)
MPRegen 0.12/turn    (no ring)
                     (no ring)

%: no passive effects
@: lethally poisoned (-1 -> -35), slowed, very slow
A: almost no armour, amphibious, 8 rings, camouflage 1, gelatinous body 1,
nimble swimmer 1, tentacles
a: Renounce Religion


You were in a sewer.
You worshipped Wu Jian.
Wu Jian was aware of your devotion.
You visited 1 branch of the dungeon, and saw 4 of its levels.
You also visited: Sewer.

You collected 256 gold pieces.

Inventory:

Wands
 n - a wand of roots (5)
Scrolls
 d - 2 scrolls of identify
 e - a scroll of enchant armour {unknown}
 f - a scroll of brand weapon {unknown}
 g - a scroll of noise {unknown}
 h - a scroll of summoning {unknown}
 j - 2 scrolls of amnesia
 k - a scroll of fog {unknown}
Potions
 a - a potion of magic
 c - 3 potions of curing
 i - a potion of lignification {unknown}
 l - a potion of brilliance {unknown}
 m - a potion of berserk rage {unknown}
 o - a potion of degeneration {unknown}


   Skills:
 + Level 2.3 Fighting
 - Level 2.0 Dodging
 + Level 4.6 Stealth
 + Level 3.0 Spellcasting
 * Level 5.5 Conjurations


You had 10 spell levels left.
You knew the following spells:

 Your Spells              Type           Power      Damage    Failure   Level
a - Magic Dart            Conj           100%       1d8       1%          1

Your spell library contained the following spells:

 Spells                   Type           Power      Damage    Failure   Level
 Searing Ray              Conj           52%        2d6       1%          2
 Dazzling Flash           Conj/Hex       28%        N/A       13%         3
 Fulminant Prism          Conj/Hex       7%         3d6       38%         4
 Iskenderun's Mystic Bla  Conj/Tloc      14%        2d5       38%         4


Dungeon Overview and Level Annotations

Branches:
Dungeon (4/15)              Sewer (1/1)
 Temple: D:4-7

Altars:
Trog
Wu Jian


Innate Abilities, Weirdness & Mutations

You cannot wear most types of armour.
You are amphibious.
You can wear up to eight rings at the same time.
Your skin changes colour to match your surroundings (Stealth+).
Your rubbery body absorbs attacks. (AC +1, EV +1)
You are camouflaged when in or above water. (Stealth+)
You have tentacles for arms and can constrict up to eight enemies at once.


Message History

The curare-tipped dart closely misses you.
The magic dart hits the kobold brigand!
The kobold brigand is heavily wounded.
You feel sick.
The kobold brigand throws a curare-tipped dart.
The curare-tipped dart barely misses you.
The magic dart hits the kobold brigand but does no damage.
The kobold brigand is heavily wounded.
You feel sick.
You are no longer poisoned.
The kobold brigand throws a curare-tipped dart.
The curare-tipped dart barely misses you.
You are out of magic!
You are out of magic!
You are out of magic!
The kobold brigand throws a curare-tipped dart.
The curare-tipped dart hits you.
You are poisoned.
You have difficulty breathing.
You feel as though you will be slow longer.
The kobold brigand throws a curare-tipped dart.
The curare-tipped dart barely misses you.
You feel very sick.
The kobold brigand throws a curare-tipped dart.
The curare-tipped dart misses you.
Things that are here:
a +0 dagger; a curare-tipped dart; a kobold corpse You feel very sick.
You feel very sick.
The kobold brigand throws a curare-tipped dart.
The curare-tipped dart hits you.
You are lethally poisoned!
You have difficulty breathing.
* * * LOW HITPOINT WARNING * * *
You feel as though you will be slow longer.
The kobold brigand throws a curare-tipped dart.
The curare-tipped dart hits you.
You are more poisoned.
You have difficulty breathing.
You die...

#~# #~# #~# ##~#####
#######~~.~.~.
#######......~~~.~~~
##≈≈≈≈≈~)K~≈~~~)~~~≈≈
#≈≈≈≈≈≈≈≈≈≈≈≈≈≈≈≈≈≈≈≈
###≈@≈)~~~~~~~~~~~~≈≈
######........~.~~~
###.###.~...~. #∩#
######## ###


You could see a kobold brigand.

Vanquished Creatures
  A kobold brigand (Sewer)
  5 adders
  7 gnolls
  4 worms
  3 orcs (D:3)
  5 ball pythons
  6 bats
  4 endoplasms
  3 giant cockroaches
  5 goblins
  6 hobgoblins
  2 jackals (Sewer)
  7 kobolds
  3 quokkas
  2 frilled lizards
  9 rats
72 creatures vanquished.

Notes
Turn   | Place    | Note
-------+----------+-------------------------------------------
     0 | D:1      | LustLizard the Octopode Conjurer began the quest for the
                  | Orb.
     0 | D:1      | Reached XP level 1. HP: 11/11 MP: 3/3
   289 | D:1      | Reached XP level 2. HP: 18/18 MP: 0/5
   412 | D:1      | Found a faded altar of an unknown god.
  1101 | D:2      | Reached XP level 3. HP: 22/22 MP: 1/6
  1238 | D:2      | Reached skill level 1 in Fighting
  1842 | D:2      | Found a bloodstained altar of Trog.
  2129 | D:3      | Found an ornate altar of the Wu Jian Council.
  2139 | D:3      | Became a worshipper of the Wu Jian Council
  2343 | D:3      | Reached XP level 4. HP: 25/28 MP: 0/7
  2898 | D:3      | Reached skill level 5 in Conjurations
  2921 | D:3      | Reached XP level 5. HP: 34/34 MP: 0/8
  3493 | D:4      | Found a glowing drain.
  3502 | Sewer    | Entered a sewer
  3602 | Sewer    | Noticed a kobold brigand
  3649 | Sewer    | Killed a kobold brigand
  3650 | Sewer    | Reached XP level 6. HP: 19/40 MP: 1/10
  3689 | Sewer    | Reached * piety under Wu Jian
  3793 | Sewer    | Asphyxiated

Illustrated notes

Levels and vault maps discovered:
D:1:      dpeg_arrival_triangle_fractal, layout_basic,
          hellmonk_ecumenical_altar_crossroads,
          nicolae_concentric_dashed_squares_mild, chequers_jeans
D:2:      minmay_evil_eye, layout_rooms, basic_altar
D:3:      minmay_chambers_of_threes, layout_basic, amcnicky_altar_gilded,
          nicolae_titane
D:4:      layout_cave_pods, minmay_temple_entry_drinking_statues,
          portal_sewer_entry_d, nicolae_half_adder
Sewer:    sewer_kobolds

Skill      XL: |  1  2  3  4  5 |
---------------+----------------+-----
Stealth        | 3 4 |  4.6
Fighting       | 1 2 |  2.3
Conjurations   | 5 |  5.5
Spellcasting   | 3 |  3.0
Dodging        | |  2.0

Action                     |  1- 3 |  4- 6 || total
---------------------------+-------+-------++-------
  Melee: Unarmed           |    13 |    35 ||    48
         Tentacles         |     4 |    14 ||    18
         Constrict         |     4 |    10 ||    14
   Cast: Magic Dart        |    98 |    85 ||   183
Ability: Lunge             |       |     2 ||     2
    Use: Scroll            |     3 |     1 ||     4
         Potion            |       |     1 ||     1
 Armour: Skin              |     5 |     1 ||     6
  Dodge: Dodged            |    17 |    36 ||    53
